 Dungeon Crawl Stone Soup version 0.16-a0-787-g31dbbe7 (webtiles) character file.

1701 Kashira the Thaumaturge (level 8, -5/31 HPs)
             Began as a Felid Ice Elementalist on Sept 27, 2014.
             Was a Priest of Kikubaaqudgha.
             Killed from afar by a deep elf mage (15 damage)
             ... with a bolt of poison
             ... on Level 9 of the Dungeon.
             The game lasted 00:48:05 (13083 turns).

Kashira the Thaumaturge (Felid Ice Elementalist)   Turns: 13083, Time: 00:48:06

HP  -5/31        AC  8     Str  6      XL: 8   Next: 73%
MP   8/26        EV 18     Int 16      God: Kikubaaqudgha [***...]
Gold 623         SH  6     Dex 17      Spells:  6 memorised,  8 levels left
Lives: 0, deaths: 2

rFire  . . .     SeeInvis +     (weapon unavailable)
rCold  . . .     Clarity  .     (armour unavailable)
rNeg   . . .     rCorr    .     (shield unavailable)
rPois  .         rRot     .     (helmet unavailable)
rElec  .         Spirit   .     (cloak unavailable)
SustAb .         Warding  .     (gloves unavailable)
rMut   .         Stasis   .     (boots unavailable)
Gourm  .                        (no amulet)
MR     +....                    (no ring)
                                u - ring of flight

@: lethally poisoned, icy armour, icy shield, quick, somewhat resistant to
hostile enchantments, fairly stealthy
A: paw claws, no armour, no weapons or thrown items, fangs 3, see invisible,
carnivore 3, speed 1, shaggy fur 2, slow metabolism 1, jump 2
a: Jump Attack, Receive Corpses, Renounce Religion, Evoke Flight


You were on level 9 of the Dungeon.
You worshipped Kikubaaqudgha.
Kikubaaqudgha was most pleased with you.
You were completely stuffed.

You visited 1 branch of the dungeon, and saw 9 of its levels.
You also visited: Ossuary.

You collected 623 gold pieces.

Inventory:

Magical devices
 m - a wand of slowing (5)
 s - a wand of invisibility (1)
 D - a wand of heal wounds (2)
Comestibles
 c - 3 meat rations
 j - 4 rotting chunks of sheep flesh
 t - 9 slices of pizza
 v - 8 beef jerkies
 w - 3 rotting chunks of gnoll flesh
 A - 2 chunks of worker ant flesh
 E - 5 chunks of ogre flesh
Scrolls
 d - 5 scrolls of remove curse
 e - 2 scrolls of teleportation
 p - a scroll of blinking
Jewellery
 u - a ring of flight (left paw)
Potions
 a - a potion of flight
 f - a potion of brilliance
 g - 3 potions of restore abilities
 i - 3 potions of might
 k - a potion of heal wounds {unknown}
 l - a potion of agility
 n - a potion of haste
 q - a potion of resistance {unknown}
 r - a potion of poison {unknown}
 x - 4 potions of curing
 z - a potion of berserk rage {unknown}
Books
 b - a book of Frost

   Spells                             Type                      Level
   *Freeze                            Ice                          1
   *Throw Frost                       Conjuration/Ice              2
   *Ozocubu's Armour                  Charms/Ice                   3
   *Throw Icicle                      Conjuration/Ice              4
   Summon Ice Beast                   Ice/Summoning                4
   *Condensation Shield               Ice                          4
 h - a book of Summonings

   Spells                             Type                      Level
   Abjuration                         Summoning                    3
   Recall                             Summoning/Translocation      3
   Shadow Creatures                   Summoning                    5
   Summon Demon                       Summoning                    5
   Summon Forest                      Summoning/Translocation      5
   Monstrous Menagerie                Summoning                    6
 o - Kikubaaqudgha's Disquisition on Necromancy
   (Kikubaaqudgha gifted it to you on level 3 of the Dungeon)

   Spells                             Type                      Level
   *Animate Skeleton                  Necromancy                   1
   Corpse Rot                         Necromancy                   2
   Sublimation of Blood               Necromancy                   2
   Regeneration                       Charms/Necromancy            3
   Control Undead                     Necromancy                   4
 B - a book of Callings

   Spells                             Type                      Level
   Summon Small Mammal                Summoning                    1
   Call Imp                           Summoning                    2
   Call Canine Familiar               Summoning                    3
   Summon Guardian Golem              Hexes/Summoning              4
   Summon Lightning Spire             Summoning/Air                4
   Summon Ice Beast                   Ice/Summoning                4
 C - Kikubaaqudgha's Catalogue of Stolen Souls
   (Kikubaaqudgha gifted it to you on level 7 of the Dungeon)

   Spells                             Type                      Level
   Animate Dead                       Necromancy                   4
   Agony                              Necromancy                   5
   Dispel Undead                      Necromancy                   5
   Twisted Resurrection               Necromancy                   5
   Simulacrum                         Ice/Necromancy               6


   Skills:
 - Level 2.8 Dodging
 - Level 3.1 Stealth
 + Level 8.3 Spellcasting
 + Level 4.5 Conjurations
 + Level 2.6 Necromancy
 + Level 7.8 Ice Magic
 + Level 1.3 Evocations


You had 8 spell levels left.
You knew the following spells:

 Your Spells              Type           Power        Failure   Level  Hunger
a - Freeze                Ice            ####         1%          1    None
b - Throw Frost           Conj/Ice       ####..       1%          2    None
c - Ozocubu's Armour      Chrm/Ice       ###.....     10%         3    ##.....
d - Animate Skeleton      Necr           N/A          4%          1    None
e - Condensation Shield   Ice            ####......   6%          4    ###....
f - Throw Icicle          Conj/Ice       ####....     12%         4    ###....


Dungeon Overview and Level Annotations

Branches:
Dungeon (9/15)             Temple (0/1) D:5            Lair (0/8) D:8
    Orc: D:9-12

Altars:
Dithmenos
Fedhas
Gozag
Kikubaaqudgha
Makhleb
Nemelex Xobeh
Qazlal
Ru
Sif Muna
Vehumet
Yredelemnul
Zin

Shops:
D:7 (


Innate Abilities, Weirdness & Mutations

You cannot wear armour.
You are incapable of wielding weapons or throwing items.
Your paws have sharp claws.
You have razor-sharp teeth.
You have supernaturally acute eyesight.
You are carnivorous and can eat meat at any time.
You cover ground quickly.
You are covered in thick fur (AC +2).
You have a slow metabolism.
You can jump attack at a medium distance.


Message History

Confirm with . or Enter, or press ? or * to list all spells.
Aiming: Throw Icicle
Press: ? - help, Shift-Dir - straight line, f/p - deep elf mage
Aim: a deep elf mage, wielding a dagger and wearing a ring mail (moderately wounded)
The shard of ice hits the deep elf mage.
The deep elf mage is heavily wounded.
You feel sick.
Casting: Throw Icicle
Confirm with . or Enter, or press ? or * to list all spells.
Aiming: Throw Icicle
Press: ? - help, Shift-Dir - straight line, f/p - deep elf mage
Aim: a deep elf mage, wielding a dagger and wearing a ring mail (heavily wounded)
The shard of ice hits the deep elf mage.
The deep elf mage is severely wounded.
You feel sick.
The deep elf mage points at you and mumbles some strange words.
The bolt of poison hits you!
You are lethally poisoned!
You die...
Kikubaaqudgha rasps: "You have failed me!
Welcome... death!"

#.# #.. #.# #.# #.# #.#
#.# ##.## #.# ##...##
#.## ##.(...##
...###########.......###
................._..Z..#
...######.#.##..@..er#.#
#.## #.#.###.....##...
#.# #.#.. ##...## .r...
#.# #..... ##.## #.%.##
#+# #######...# #..#
#.Z## ... .# ..


You could see a deep elf mage, a rat and a friendly ogre skeleton.

Vanquished Creatures
  Psyche (D:8)
  2 yaks (D:8)
  An orc warrior (D:6)
  A black bear (D:8)
  3 ogres
  Sigmund (D:5)
  Blork the orc (D:8)
  2 giant frogs
  3 crimson imps
  A hound (D:4)
  A goliath beetle (D:7)
  2 centaur zombies (Ossuary)
  A gnoll shaman (D:8)
  9 worker ants
  An orc priest (D:8)
  An orc wizard (D:7)
  2 big kobold zombies (Ossuary)
  4 sheep (D:8)
  An ogre skeleton (D:5)
  4 mummies (Ossuary)
  10 adders
  12 gnolls
  A giant mite (D:2)
  2 inept item mimics
  4 worms
  24 orcs
  2 ball pythons
  5 giant cockroaches
  15 hobgoblins
  9 jackals
  21 kobolds
  4 quokkas
  19 bats
  6 giant geckos
  9 giant newts
  8 goblins
  A goblin skeleton (D:4)
  4 hobgoblin zombies (Ossuary)
  13 rats
  A rat zombie (D:5)
212 creatures vanquished.

Vanquished Creatures (collateral kills)
  2 yaks (D:8)
  A human (D:8)
  A hippogriff (D:8)
  An ice beast (D:6)
  A phantom (D:7)
  An ogre (D:4)
  A two-headed ogre zombie (D:7)
  A worker ant (D:7)
  A centaur skeleton (D:6)
  2 gnolls (D:7)
  2 shadow imps
14 creatures vanquished.

Vanquished Creatures (others)
  4 adder skeletons
  3 bat skeletons
  A ball python skeleton (D:7)
  A bat (D:4)
  A giant gecko skeleton (D:5)
  A giant newt skeleton (D:8)
  6 gnoll skeletons
  A goblin skeleton (D:7)
  2 hobgoblin skeletons
  2 jackal skeletons (D:5)
  A kobold skeleton (D:5)
  8 orc skeletons
  A quokka skeleton (D:4)
32 creatures vanquished.

Grand Total: 258 creatures vanquished

Notes
Turn   | Place    | Note
--------------------------------------------------------------
     0 | D:1      | Kashira, the Felid Ice Elementalist, began the quest for the Orb.
     0 | D:1      | Reached XP level 1. HP: 7/7 MP: 4/4
   114 | D:1      | Reached skill level 3 in Stealth
   259 | D:1      | Reached XP level 2. HP: 11/11 MP: 3/5
   263 | D:1      | Learned a level 2 spell: Throw Frost
  1335 | D:1      | Reached XP level 3. HP: 14/14 MP: 1/8
  1410 | D:1      | Reached skill level 1 in Conjurations
  1663 | D:2      | Found a shadowy altar of Dithmenos.
  1930 | D:2      | Learned a level 3 spell: Ozocubu's Armour
  2103 | D:2      | Found an ancient bone altar of Kikubaaqudgha.
  2171 | D:2      | Became a worshipper of Kikubaaqudgha
  2458 | D:2      | Reached XP level 4. HP: 18/18 MP: 4/11
  2824 | D:2      | Found a burning altar of Makhleb.
  3443 | D:3      | Found a blossoming altar of Fedhas.
  3563 | D:3      | Acquired Kikubaaqudgha's first power
  3563 | D:3      | Received a gift from Kikubaaqudgha
  3564 | D:3      | Identified Kikubaaqudgha's Disquisition on Necromancy (Kikubaaqudgha gifted it to you on level 3 of the Dungeon)
  4068 | D:3      | Reached skill level 4 in Ice Magic
  4083 | D:3      | Learned a level 1 spell: Animate Skeleton
  4381 | D:3      | Reached XP level 5. HP: 21/21 MP: 11/14
  4584 | D:3      | Found a deep blue altar of Sif Muna.
  4652 | D:4      | Found a basalt altar of Yredelemnul.
  5330 | D:4      | Learned a level 4 spell: Condensation Shield
  5612 | D:4      | Found a sparkling altar of Nemelex Xobeh.
  5626 | D:4      | Gained mutation: You are covered in thick fur (AC +2). [growing up]
  5626 | D:4      | Gained mutation: You can jump attack at a medium distance. [growing up]
  5626 | D:4      | Reached XP level 6. HP: 21/24 MP: 9/17
  5987 | D:4      | Noticed an ogre
  5994 | D:4      | Killed an ogre
  6132 | D:5      | Entered Level 5 of the Dungeon
  6143 | D:5      | Found a blossoming altar of Fedhas.
  6146 | D:5      | Noticed Sigmund
  6236 | D:5      | Found a staircase to the Ecumenical Temple.
  6535 | D:5      | Acquired Kikubaaqudgha's second power
  6585 | D:5      | Found a stormy altar of Qazlal.
  6630 | D:5      | Reached skill level 5 in Ice Magic
  6925 | D:5      | Killed Sigmund
  6925 | D:5      | Reached XP level 7. HP: 20/27 MP: 2/20
  8143 | D:6      | Reached skill level 5 in Spellcasting
  8194 | D:6      | Learned a level 4 spell: Throw Icicle
  8266 | D:6      | Found an opulent altar of Gozag.
  8285 | D:6      | Noticed an angel
  8286 | D:6      | Found a glowing silver altar of Zin.
  8425 | D:6      | Reached skill level 1 in Necromancy
  8560 | D:6      | Reached skill level 6 in Ice Magic
  8640 | D:6      | Reached XP level 8. HP: 31/31 MP: 16/23
  9529 | D:7      | Found a burning altar of Makhleb.
  9545 | D:7      | Found Fofap's Weapon Emporium.
  9745 | D:7      | Received a gift from Kikubaaqudgha
  9746 | D:7      | Identified Kikubaaqudgha's Catalogue of Stolen Souls (Kikubaaqudgha gifted it to you on level 7 of the Dungeon)
 10164 | D:8      | Found a radiant altar of Vehumet.
 10237 | D:8      | HP: 1/31 [gnoll/spear (9)]
 10258 | D:8      | Noticed Blork the orc
 10263 | D:8      | Noticed Psyche
 10277 | D:8      | Slain by an ice beast
 10278 | D:8      | Reached XP level 7. HP: -2/27 MP: 2/23
 10407 | D:8      | Killed Blork the orc
 10652 | D:8      | Killed Psyche
 10652 | D:8      | Reached skill level 7 in Spellcasting
 10652 | D:8      | Reached skill level 1 in Evocations
 10652 | D:8      | Reached XP level 8. HP: 31/31 MP: 5/25
 10791 | D:8      | Found a sand-covered staircase.
 10823 | Ossuary  | Entered an ossuary
 10885 | Ossuary  | Mangled by a mummy
 10886 | Ossuary  | Reached XP level 7. HP: -6/27 MP: 0/24
 12064 | D:8      | Reached XP level 8. HP: 19/31 MP: 7/25
 12503 | D:8      | Found a staircase to the Lair.
 12666 | D:8      | Reached skill level 8 in Spellcasting
 13059 | D:9      | Found a sacrificial altar of Ru.
 13083 | D:9      | Killed from afar by a deep elf mage

Action                   |  1- 3 |  4- 6 |  7- 9 || total
-------------------------+-------+-------+-------++-------
Melee: Unarmed           |    37 |    21 |   119 ||   177
 Cast: Freeze            |    42 |    68 |   109 ||   219
       Throw Frost       |    38 |   126 |   127 ||   291
       Animate Skeleton  |       |    18 |    38 ||    56
       Ozocubu's Armour  |       |     4 |    12 ||    16
       Condensation Shie |       |     1 |    15 ||    16
       Throw Icicle      |       |       |    49 ||    49
Invok: Receive Corpses   |       |       |     2 ||     2
 Abil: Jump Attack       |     1 |     5 |     7 ||    13
Evoke: Wand              |       |     1 |    12 ||    13
  Use: Scroll            |       |     1 |    17 ||    18
 Stab: Invisible         |       |       |     4 ||     4
  Eat: Chunk             |    12 |    16 |    24 ||    52
       Meat ration       |       |       |     1 ||     1
